SA
LAREDO HAWKS @ CALDWELL CHIEFS
08/23/2041
 
TOP OF THE 1ST
Laredo Hawks batting - Pitching for Caldwell Chiefs : RHP Martín Galindo
Pitching: RHP Martín Galindo
Batting: RHB Daniel MacKinder 0-0: Swinging Strike
0-1: Called Strike
0-2: Strikes out swinging
Batting: LHB Walker Ragland 0-0: Called Strike
0-1: Called Strike
0-2: Ball
1-2: Foul Ball, location: 2F
1-2: Ground out 6-3 (Groundball, 6, EV 106.9 MPH)
Batting: RHB Woody Maxwell 0-0: Called Strike
0-1: Called Strike
0-2: Ball
1-2: Ball
2-2: Foul Ball, location: 2F
2-2: Ball
3-2: Strikes out swinging
Top of the 1st over - 0 runs, 0 hits, 0 errors, 0 left on base; Laredo 0 - Caldwell 0
BOTTOM OF THE 1ST
Caldwell Chiefs batting - Pitching for Laredo Hawks : RHP Mike Wilson
Pitching: RHP Mike Wilson
Batting: LHB John Kersey 0-0: Ball
1-0: Swinging Strike
1-1: Foul Ball, location: 2F
1-2: Ground out 6-3 (Groundball, 6, EV 93.1 MPH)
Batting: LHB Jorge Napolez 0-0: Ground out 6-3 (Groundball, 56, EV 88.8 MPH)
Batting: LHB Richard Barlow 0-0: Called Strike
0-1: Ball
1-1: Swinging Strike
1-2: Foul Ball, location: 2F
1-2: Strikes out looking
Bottom of the 1st over - 0 runs, 0 hits, 0 errors, 0 left on base; Laredo 0 - Caldwell 0
TOP OF THE 2ND
Laredo Hawks batting - Pitching for Caldwell Chiefs : RHP Martín Galindo
Batting: LHB Scott Beavis 0-0: Called Strike
0-1: Swinging Strike
0-2: Ball
1-2: Ball
2-2: Foul Ball, location: 2F
2-2: Strikes out swinging
Batting: RHB Todd Walker 0-0: Fly out, F9 (Flyball, 9LSF, EV 95.0 MPH)
Batting: RHB Victor Jensen 0-0: Ball
1-0: Called Strike
1-1: Foul Ball, location: 2F
1-2: Fly out, F7 (Flyball, 78M, EV 88.1 MPH)
Top of the 2nd over - 0 runs, 0 hits, 0 errors, 0 left on base; Laredo 0 - Caldwell 0
BOTTOM OF THE 2ND
Caldwell Chiefs batting - Pitching for Laredo Hawks : RHP Mike Wilson
Batting: LHB Rafael Martínez 0-0: Ball
1-0: Fly out, F9 (Line Drive, 9, EV 83.8 MPH)
Batting: RHB Kane Felton 0-0: Ball
1-0: Fly out, F8 (Flyball, 8LS, EV 84.4 MPH)
Batting: RHB Bastien Oudin 0-0: Ball
1-0: SINGLE (Line Drive, 7LS, EV 111.2 MPH)
Batting: RHB Kuan Pi 0-0: Ground out 5-3 (Groundball, 56S, EV 89.4 MPH)
Bottom of the 2nd over - 0 runs, 1 hit, 0 errors, 1 left on base; Laredo 0 - Caldwell 0
TOP OF THE 3RD
Laredo Hawks batting - Pitching for Caldwell Chiefs : RHP Martín Galindo
Batting: LHB João Lourenço 0-0: SINGLE (Line Drive, 78S, EV 103.8 MPH)
Batting: RHB Neung-uk Yi 0-0: Called Strike
0-1: Called Strike
0-2: Ball
1-2: Ball
2-2: Foul Ball, location: 2F
2-2: Grounds into double play, 5-4-3 (Groundball, 56, EV 100.0 MPH)
Batting: RHB Jessie Gibbs 0-0: Fly out, F4 (Popup, 4M, EV 80.0 MPH)
Top of the 3rd over - 0 runs, 1 hit, 0 errors, 0 left on base; Laredo 0 - Caldwell 0
BOTTOM OF THE 3RD
Caldwell Chiefs batting - Pitching for Laredo Hawks : RHP Mike Wilson
Batting: RHB Jesús Mancebo 0-0: Called Strike
0-1: Swinging Strike
0-2: Ball
1-2: Strikes out swinging
Batting: RHB Derrick Davis 0-0: Ground out 3-1 (Groundball, 34S, EV 85.0 MPH)
Batting: LHB John Kersey 0-0: Swinging Strike
0-1: Ball
1-1: Ball
2-1: Called Strike
2-2: Ball
3-2: Base on Balls
Batting: LHB Jorge Napolez 0-0: Called Strike
0-1: Called Strike
0-2: Ball
1-2: Strikes out swinging
Bottom of the 3rd over - 0 runs, 0 hits, 0 errors, 1 left on base; Laredo 0 - Caldwell 0
TOP OF THE 4TH
Laredo Hawks batting - Pitching for Caldwell Chiefs : RHP Martín Galindo
Batting: RHB Daniel MacKinder 0-0: Foul Ball, location: 2F
0-1: Foul Ball, location: 2F
0-2: Foul Ball, location: 2F
0-2: Strikes out swinging
Batting: LHB Walker Ragland 0-0: Ball
1-0: Ground out 6-3 (Groundball, 6, EV 83.8 MPH)
Batting: RHB Woody Maxwell 0-0: Called Strike
0-1: Foul Ball, location: 2F
0-2: Ball
1-2: Ball
2-2: Strikes out swinging
Top of the 4th over - 0 runs, 0 hits, 0 errors, 0 left on base; Laredo 0 - Caldwell 0
BOTTOM OF THE 4TH
Caldwell Chiefs batting - Pitching for Laredo Hawks : RHP Mike Wilson
Batting: LHB Richard Barlow 0-0: Called Strike
0-1: Ball
1-1: Foul Ball, location: 2F
1-2: Ball
2-2: Ground out 4-3 (Groundball, 4, EV 107.5 MPH)
Batting: LHB Rafael Martínez 0-0: Ball
1-0: Ground out 6-3 (Groundball, 6M, EV 110.0 MPH)
Batting: RHB Kane Felton 0-0: Foul Ball, location: 2F
0-1: Called Strike
0-2: Ground out 5-3 (Groundball, 56S, EV 90.6 MPH)
Bottom of the 4th over - 0 runs, 0 hits, 0 errors, 0 left on base; Laredo 0 - Caldwell 0
TOP OF THE 5TH
Laredo Hawks batting - Pitching for Caldwell Chiefs : RHP Martín Galindo
Batting: LHB Scott Beavis 0-0: Ball
1-0: Called Strike
1-1: Foul Ball, location: 2F
1-2: Strikes out swinging
Batting: RHB Todd Walker 0-0: Called Strike
0-1: Ground out 1-3 (Groundball, 25, EV 88.8 MPH)
Batting: RHB Victor Jensen 0-0: Ground out 5-3 (Groundball, 56, EV 106.9 MPH)
Top of the 5th over - 0 runs, 0 hits, 0 errors, 0 left on base; Laredo 0 - Caldwell 0
BOTTOM OF THE 5TH
Caldwell Chiefs batting - Pitching for Laredo Hawks : RHP Mike Wilson
Batting: RHB Bastien Oudin 0-0: Foul Ball, location: 2F
0-1: Ball
1-1: Called Strike
1-2: Strikes out swinging
Batting: RHB Kuan Pi 0-0: Foul Ball, location: 2F
0-1: Called Strike
0-2: Foul Ball, location: 2F
0-2: Ball
1-2: Ball
2-2: Ball
3-2: Ground out 4-3 (Groundball, 34, EV 109.4 MPH)
Batting: RHB Jesús Mancebo 0-0: Foul Ball, location: 2F
0-1: Ball
1-1: Ball
2-1: Fly out, F3 (Line Drive, 3, EV 73.1 MPH)
Bottom of the 5th over - 0 runs, 0 hits, 0 errors, 0 left on base; Laredo 0 - Caldwell 0
TOP OF THE 6TH
Laredo Hawks batting - Pitching for Caldwell Chiefs : RHP Martín Galindo
Batting: LHB João Lourenço 0-0: Ball
1-0: Ball
2-0: Called Strike
2-1: Foul Ball, location: 2F
2-2: Fly out, F9 (Flyball, 89D, EV 81.9 MPH)
Batting: RHB Neung-uk Yi 0-0: Foul Ball, location: 2F
0-1: Swinging Strike
0-2: Fly out, F9 (Line Drive, 9D, EV 87.5 MPH)
Batting: RHB Jessie Gibbs 0-0: Ball
1-0: Ball
2-0: Called Strike
2-1: Ball
3-1: Base on Balls
Batting: RHB Daniel MacKinder 0-0: Called Strike
0-1: Ball
1-1: Swinging Strike
1-2: Foul Ball, location: 2F
1-2: Foul Ball, location: 2F
1-2: Ball
2-2: Strikes out swinging
Top of the 6th over - 0 runs, 0 hits, 0 errors, 1 left on base; Laredo 0 - Caldwell 0
BOTTOM OF THE 6TH
Caldwell Chiefs batting - Pitching for Laredo Hawks : RHP Mike Wilson
Batting: RHB Derrick Davis 0-0: Called Strike
0-1: Ball
1-1: Ball
2-1: Called Strike
2-2: Ball
3-2: Foul Ball, location: 2F
3-2: Strikes out looking
Batting: LHB John Kersey 0-0: Swinging Strike
0-1: Ball
1-1: Ball
2-1: Ball
3-1: Base on Balls
Batting: LHB Jorge Napolez 0-0: Ball
1-0: Reached on error, E7 (Flyball, 7S, EV 90.0 MPH)
John Kersey to second
Batting: LHB Richard Barlow 0-0: Called Strike
0-1: Ball
1-1: Foul Ball, location: 2F
1-2: SINGLE (Line Drive, 8LS, EV 96.9 MPH)
John Kersey to third
Jorge Napolez to second
Runner from 3rd tries for Home, SAFE, no throw by CF
Batting: LHB Rafael Martínez 0-0: Called Strike
0-1: Called Strike
0-2: Foul Ball, location: 2F
0-2: Strikes out swinging
Batting: RHB Kane Felton 0-0: Ball
1-0: Ground out 4-3 (Groundball, 4, EV 84.4 MPH)
Bottom of the 6th over - 1 run, 1 hit, 1 error, 2 left on base; Laredo 0 - Caldwell 1
TOP OF THE 7TH
Laredo Hawks batting - Pitching for Caldwell Chiefs : RHP Martín Galindo
Batting: LHB Walker Ragland 0-0: Ball
1-0: Swinging Strike
1-1: Ball
2-1: Fly out, F7 (Flyball, 78S, EV 95.6 MPH)
Batting: RHB Woody Maxwell 0-0: Ball
1-0: Swinging Strike
1-1: Swinging Strike
1-2: Ball
2-2: Ball
3-2: Strikes out swinging
Batting: LHB Scott Beavis 0-0: Fly out, F8 (Flyball, 89D, EV 89.4 MPH)
Top of the 7th over - 0 runs, 0 hits, 0 errors, 0 left on base; Laredo 0 - Caldwell 1
BOTTOM OF THE 7TH
Caldwell Chiefs batting - Pitching for Laredo Hawks : RHP Mike Wilson
Batting: RHB Bastien Oudin 0-0: DOUBLE (Flyball, 8LD, EV 108.1 MPH)
Batting: RHB Kuan Pi 0-0: Ball
1-0: Called Strike
1-1: Ball
2-1: Fly out, F6 (Flyball, 6D, EV 75.6 MPH)
Pitching: RHP Eric Hurt
Batting: RHB Jesús Mancebo 0-0: Ball
1-0: Fly out, F8 (Flyball, 89D, EV 91.2 MPH)
Batting: RHB Derrick Davis 0-0: Swinging Strike
0-1: Ball
1-1: Fly out, F6 (Popup, P, EV 83.8 MPH)
Bottom of the 7th over - 0 runs, 1 hit, 0 errors, 1 left on base; Laredo 0 - Caldwell 1
TOP OF THE 8TH
Laredo Hawks batting - Pitching for Caldwell Chiefs : RHP Martín Galindo
Batting: RHB Todd Walker 0-0: Ball
1-0: Fly out, F4 (Flyball, 3D, EV 93.1 MPH)
Batting: RHB Victor Jensen 0-0: Called Strike
0-1: Ball
1-1: Ground out 5-3 (Groundball, 56, EV 90.6 MPH)
Batting: LHB João Lourenço 0-0: Called Strike
0-1: Swinging Strike
0-2: Foul Ball, location: 2F
0-2: Strikes out looking
Top of the 8th over - 0 runs, 0 hits, 0 errors, 0 left on base; Laredo 0 - Caldwell 1
BOTTOM OF THE 8TH
Caldwell Chiefs batting - Pitching for Laredo Hawks : RHP Eric Hurt
Batting: LHB John Kersey 0-0: Called Strike
0-1: Ball
1-1: Fly out, F7 (Flyball, 7S, EV 84.4 MPH)
Batting: LHB Jorge Napolez 0-0: Ball
1-0: Ball
2-0: Called Strike
2-1: SINGLE (Line Drive, 56D, EV 98.1 MPH)
Batting: LHB Richard Barlow 0-0: SINGLE (Groundball, 4MD, EV 94.4 MPH)
Jorge Napolez to second
Runner from 2nd tries for 3rd, SAFE, throw by CF made to third
Batting: LHB Rafael Martínez 0-0: Ball
1-0: Foul Ball, location: 2F
1-1: Ball
2-1: Ball
3-1: Foul Ball, location: 2F
3-2: Base on Balls
Richard Barlow to second
Batting: RHB Kane Felton 0-0: Called Strike
0-1: Fly out, F9 (Flyball, 89M, EV 88.1 MPH)
Runner from 3rd tags up, OUT at HOME! 9-2
Bottom of the 8th over - 0 runs, 2 hits, 0 errors, 2 left on base; Laredo 0 - Caldwell 1
TOP OF THE 9TH
Laredo Hawks batting - Pitching for Caldwell Chiefs : RHP Martín Galindo
Pitching: RHP Gregg Booth
Now in RF: Ramón Gómez
Pinch Hitting: SHB Mark Wofford 0-0: Ball
1-0: Foul Ball, location: 2F
1-1: Ball
2-1: Foul Ball, location: 2F
2-2: Strikes out looking
Batting: RHB Jessie Gibbs 0-0: Called Strike
0-1: Ball
1-1: DOUBLE (Line Drive, 78XD, EV 110.6 MPH)
Batting: RHB Daniel MacKinder 0-0: Called Strike
0-1: Ball
1-1: Foul Ball, location: 2F
1-2: Ball
2-2: Ground out 4-3 (Groundball, 4S, EV 75.0 MPH)
Jessie Gibbs to third
Batting: LHB Walker Ragland 0-0: Foul Ball, location: 2F
0-1: Foul Ball, location: 2F
0-2: Ball
1-2: Ball
2-2: Strikes out swinging
Top of the 9th over - 0 runs, 1 hit, 0 errors, 1 left on base; Laredo 0 - Caldwell 1
Tuesday, January 5th, 2021 - OOTP Baseball 20.8 Build 74